 Dungeon Sprint DCSS version 0.30-a0-802-gb92711bcdf (webtiles) character file.

Game seed: 11195673632977213747

357 retardedninja the Fighter (level 6, -7/66 HPs)
             Began as a Minotaur Fighter on Feb 24, 2023.
             Mangled by a wyvern (15 damage)
             ... in the Dungeon (Sprint II: "The Violet Keep of Menkaure").
             The game lasted 00:00:51 (537 turns).

retardedninja the Fighter (Minotaur Fighter)         Turns: 537, Time: 00:00:51

Health: -7/66      AC:  8    Str: 23    XL:     6   Next: 36%
Magic:  5/5        EV:  9    Int:  5    God:
Gold:   243        SH:  5    Dex:  9    Spells: 5/5 levels left

rFire   . . .      SeeInvis .    a - +0 war axe
rCold   . . .      Faith    .    c - +0 buckler
rNeg    . . .      Spirit   .    b - +0 scale mail
rPois   .          Reflect  .    (helmet restricted)
rElec   .          Harm     .    (no cloak)
rCorr   .          Rampage  .    (no gloves)
Will    .....      NoTele   +    (no boots) Stlth
                                 (no amulet)
HPRegen 0.31/turn                (no ring)
MPRegen 0.09/turn                (no ring)

@: no status effects
A: horns 2, retaliatory headbutt
a: no special abilities


You were in the Dungeon.
You visited 1 branch You collected 243 gold pieces.

Inventory:

Hand Weapons
 a - a +0 war axe (weapon)
Armour
 b - a +0 scale mail (worn)
 c - a +0 buckler (worn)
Scrolls
 j - a scroll of blinking
Potions
 d - a potion of might
 e - a potion of curing
 f - a potion of heal wounds
 g - a potion of haste
 h - 2 potions of magic
 i - a potion of berserk rage


   Skills:
 + Level 9.7 Fighting
 + Level 6.6 Axes
 + Level 9.5 Armour
 + Level 0.6 Dodging
 + Level 9.1 Shields


You had 5 spell levels left.
You didn't know any spells.
Your spell library was empty.

Dungeon Overview and Level Annotations

Branches:
Dungeon (1/1)

Altars:

Shops:
D [:?=?(?=!([!(:=

Annotations:
D exclusion: oklob plant


Innate Abilities, Weirdness & Mutations

You have a pair of horns on your head.
You reflexively headbutt those who attack you in melee.


Message History

The walls and floor vibrate strangely for a moment.
The wyvern bites you but does no damage.
The wyvern bites you! The wyvern misses you.
The wyvern bites you but does no damage.
There is an open door, spattered with blood here.
The wyvern attacks as you move away!
The wyvern bites you but does no damage.
There is a staircase leading out of the dungeon here.
You hit the wyvern. You headbutt the wyvern!
The wyvern is heavily wounded.
You hit the wyvern. The wyvern bites you. The wyvern closely misses you.
The wyvern bites you but does no damage.
You hit the wyvern.
You headbutt the wyvern, but do no damage.
The wyvern is heavily wounded.
You barely miss the wyvern. You block the wyvern's attack.
The wyvern bites you!
The wyvern bites you but does no damage.
You block the wyvern's attack.
You closely miss the wyvern.
The wyvern is heavily wounded.
You barely miss the wyvern. The wyvern bites you. The wyvern bites you!
The wyvern bites you but does no damage.
You completely miss the wyvern. Your headbutt misses the wyvern.
The wyvern is heavily wounded.
You slash the wyvern! The wyvern bites you. The wyvern closely misses you.
The wyvern barely misses you. The wyvern closely misses you.
You furiously retaliate!
You headbutt the wyvern. You hit the wyvern but do no damage.
Your headbutt misses the wyvern.
The wyvern is severely wounded.
You closely miss the wyvern. The wyvern bites you!
* * * LOW HITPOINT WARNING * * *
The wyvern barely misses you. You block the wyvern's attack.
The wyvern bites you!
* * * LOW HITPOINT WARNING * * *
You hit the wyvern but do no damage.
The wyvern is severely wounded.
You hit the wyvern. The wyvern closely misses you. You furiously retaliate!
You headbutt the wyvern. The wyvern bites you!
You die...

########~~#+++#
#########~~~.....
∩.∩.....#~~~~.#
.∩.∩....#~~~~## ##
..∩.∩...#~~~~#.#
#.#
...∩.∩..#~~####.#.#
......⌠.#~##.###'#
...∩.∩..#~##..##l##
..∩.∩..†'~'.##'.@l+
.∩.∩....#~##..##.##
▓▓▓▓▓▓###~##.###+#
(YY######~~###
?ZY#D( ##~~~#
∩PZ+.!# +#~#
/.?#$##≈# ~~#
($.###§≈° ~~
#+###≈≈≈≈


You could see 2 wyverns.

Vanquished Creatures
  Menkaure (D)
  A water moccasin (D)
  4 scorpions (D)
6 creatures vanquished.

Notes
Turn   | Place    | Note
-------+----------+-------------------------------------------
     0 | D        | retardedninja the Minotaur Fighter began the quest for the
                  | Orb.
     0 | D        | Reached XP level 1. HP: 19/19 MP: 0/0
     1 | D        | Noticed a scorpion
     1 | D        | Noticed a scorpion
     1 | D        | Noticed a scorpion
     1 | D        | Noticed a scorpion
     7 | D        | Killed a scorpion
     8 | D        | Reached skill level 5 in Shields
     8 | D        | Reached XP level 2. HP: 12/30 MP: 1/1
     8 | D        | Reached XP level 3. HP: 15/37 MP: 2/2
    11 | D        | Killed a scorpion
    12 | D        | Reached XP level 4. HP: 22/47 MP: 3/3
    16 | D        | Killed a scorpion
    17 | D        | Reached skill level 5 in Axes
    17 | D        | Reached XP level 5. HP: 15/53 MP: 4/4
   391 | D        | Found Jicef's Jewellery Shop.
   391 | D        | Found Tyfalyu's Book Boutique.
   391 | D        | Found Ejoam's Distillery.
   392 | D        | Found Obeiqejuo's Antique Armour Shop.
   392 | D        | Found Vaesm's Antique Weapon Boutique.
   392 | D        | Found Opnoreah's Distillery.
   392 | D        | Found Ciurih's Jewellery Boutique.
   393 | D        | Found Ilapsuxo's Weapon Boutique.
   393 | D        | Found Uviy's Magic Scroll Shop.
   394 | D        | Found Enubacr Nath's Antique Weapon Shop.
   394 | D        | Found Qyusosiu's Magic Scroll Boutique.
   394 | D        | Noticed a yak
   394 | D        | Noticed a yak
   395 | D        | Found Umalyefa's Jewellery Boutique.
   395 | D        | Found Eseul's Magic Scroll Shop.
   395 | D        | Noticed a water moccasin
   395 | D        | Noticed an oklob plant
   395 | D        | Noticed a yak
   396 | D        | Found Axu Wugo's Book Shoppe.
   396 | D        | Found Ahigioh's Antique Armour Boutique.
   397 | D        | Noticed Menkaure
   399 | D        | Killed a water moccasin
   400 | D        | Reached XP level 6. HP: 64/64 MP: 5/5
   406 | D        | Killed Menkaure
   508 | D        | Noticed a fire dragon
   528 | D        | Noticed a wyvern
   528 | D        | Noticed a wyvern
   537 | D        | Mangled by a wyvern

Illustrated notes

Levels and vault maps discovered:
D:        the_violet_keep_of_menkaure [sprint2_stairs_cluster_1,
          sprint2_shoproom, sprint2_temple, sprint2_basic_supplies,
          sprint2_obstacle_5, sprint2_obstacle_2, sprint2_obstacle_4,
          sprint2_obstacle_3, sprint2_obstacle_6, sprint2_timed_cluster_1,
          sprint2_smallroom_cluster_1, sprint2_smallroom_final_cluster_1,
          sprint2_transparent_cluster_1, sprint2_second_timed_cluster_1,
          sprint2_sniper_area_1, sprint2_heavy_combat_area_1,
          sprint2_mutation_trap_area_1, sprint2_forest_area_1,
          sprint2_light_combat_area_1, sprint2_behind_water_1,
          sprint2_near_end_vault_1]

Skill      XL: |  1  2  3  4  5 |
---------------+----------------+-----
Fighting       | 6 7 8 9 |  9.7
Axes           | 3 4 5 6 |  6.6
Armour         | 6 7 9 |  9.5
Shields        | 5 6 7 9 |  9.1
Dodging        | |  0.6

Action                     |  1- 3 |  4- 6 || total
---------------------------+-------+-------++-------
  Melee: War axe           |     8 |    15 ||    23
         Headbutt          |     1 |     5 ||     6
 Armour: Scale mail        |     1 |    12 ||    13
  Dodge: Dodged            |     4 |     9 ||    13
  Block: Buckler           |     3 |     4 ||     7

Table legend: (Time is in decaauts)
 A = Elapsed time spent in this place.
 B = Non-inter-level travel time spent in this place.
 C = Inter-level travel time spent in this place.
 D = Time resting spent in this place.
 E = Time spent auto-exploring this place.
 F = Levels seen in this place.
 G = Mean time per level.
                   A        B        C        D        E       F      G
               +--------+--------+--------+--------+--------+-----+--------+
         Total |    550 |    546 |      4 |    457 |      0 |   1 |  550.0 |
       Dungeon |    550 |    546 |      4 |    457 |      0 |   1 |  550.0 |
               +--------+--------+--------+--------+--------+-----+--------+

Top non-repeatable levels by time:
       D: 550 daAuts
